 Dungeon Crawl Stone Soup version 0.17-a0-2144-gd7f430c (webtiles) character file.

430 Arkorax the Shooter (level 6, -4/57 HPs)
             Began as a Centaur Hunter on Oct 24, 2015.
             Was an Initiate of Okawaru.
             Slain by Duvessa
             ... wielding a +0 short sword
              (8 damage)
             ... on level 5 of the Dungeon.
             The game lasted 00:17:41 (7278 turns).

Arkorax the Shooter (Centaur Hunter)                Turns: 7278, Time: 00:17:41

Health: -4/57      AC:  4    Str: 16    XL:     6   Next: 66%
Magic:  0/6        EV:  9    Int: 10    God:    Okawaru [......]
Gold:   236        SH:  0    Dex: 10    Spells: 0 memorised, 5 levels left

rFire  . . .     SeeInvis .     v - +0 falchion
rCold  . . .     Clarity  .     u - +0 leather armour (curse)
rNeg   . . .     SustAt   .     (no shield)
rPois  .         Gourm    .     (no helmet)
rElec  .         Spirit   +     (no cloak)
rCorr  .         Warding  .     (no gloves)
rMut   .         Stasis   .     (no barding)
MR     .....                    E - amulet of guardian spirit
Stlth  +.........               (no ring)
                                (no ring)

@: very quick, not resistant to hostile enchantments, very unstealthy
A: hooves 3, deformed body, speed 2, tough skin 3
a: Renounce Religion


You were on level 5 of the Dungeon.
You worshipped Okawaru.
Okawaru was noncommittal.
You were not hungry.

You visited 2 branches of the dungeon, and saw 6 of its levels.

You collected 236 gold pieces.

Inventory:

Hand Weapons
 a - a +1 shortbow
 c - a +0 short sword
 f - a +1 dagger of venom
 o - a +0 mace of protection
 v - a +0 falchion (weapon)
Missiles
 b - 39 arrows
 j - 7 bolts of flame
Armour
 d - a +0 leather armour
 u - a cursed +0 leather armour (worn)
 B - a +0 plate armour
Jewellery
 E - an amulet of guardian spirit (around neck)
Scrolls
 e - a scroll of noise {unknown}
 g - 4 scrolls of identify {unknown}
 h - 2 scrolls of immolation {unknown}
 i - 4 scrolls of remove curse {unknown}
 l - 2 scrolls of enchant weapon {unknown}
 r - a scroll of teleportation {unknown}
 t - a scroll of random uselessness {unknown}
 y - a scroll of blinking {unknown}
 C - a scroll of amnesia {unknown}
Potions
 m - a potion of agility {unknown}
 n - 3 potions of might {unknown}
 s - a potion of lignification {unknown}
 w - 2 potions of degeneration {unknown}
 z - a potion of poison {unknown}
 D - a potion of haste {unknown}
 F - a potion of curing
 G - a potion of beneficial mutation {unknown}
Books
 q - a book of Annihilations

   Spells                             Type                      Level
   a - Poison Arrow                   Conjuration/Poison           6
   b - Chain Lightning                Conjuration/Air              8
   c - Lehudib's Crystal Spear        Conjuration/Earth            8
   d - Glaciate                       Conjuration/Ice              9
   e - Fire Storm                     Conjuration/Fire             9
Comestibles
 k - 3 meat rations
 p - a beef jerky
 x - a royal jelly


   Skills:
 * Level 5.7 Fighting
 * Level 1.2 Long Blades
 - Level 7.4 Bows
 - Level 0.1 Armour
 - Level 1.3 Dodging
 - Level 0.5 Stealth


You had 5 spell levels left.
You didn't know any spells.

Dungeon Overview and Level Annotations

Branches:
Dungeon (5/15)             Temple (1/1) D:4

Altars:
Ashenzari
Cheibriados
Elyvilon
Fedhas
Gozag
Kikubaaqudgha
Nemelex Xobeh
Okawaru
Qazlal
Ru
Sif Muna
Trog
Vehumet
Xom
Yredelemnul
Zin
The Shining One

Shops:
D:5 %

Annotations:
D:3 exclusion: oklob plant
D:5 Duvessa


Innate Abilities, Weirdness & Mutations

You have hooves in place of feet.
Armour fits poorly on your strangely shaped body.
You cover ground very quickly.
You have extremely tough skin (AC +3).


Message History

* * * LOW HITPOINT WARNING * * *
The giant cockroach bites you but does no damage.
You hit Duvessa but do no damage. You kick Duvessa, but do no damage.
Duvessa is heavily wounded.
The giant cockroach closely misses you. Duvessa hits you with a short sword.
* * * LOW HITPOINT WARNING * * *
The giant cockroach barely misses you. Duvessa hits you with a short sword!
* * * LOW HITPOINT WARNING * * *
You barely miss Duvessa.
Duvessa is heavily wounded.
The giant cockroach bites you but does no damage.
Duvessa closely misses you.
You hit Duvessa but do no damage.
Duvessa is heavily wounded.
The giant cockroach bites you. Duvessa barely misses you.
The giant cockroach closely misses you.
You closely miss Duvessa. You kick Duvessa, but do no damage.
Duvessa is heavily wounded.
The giant cockroach closely misses you. Duvessa hits you with a short sword!
You die...

.....# e....# #.##...# #.#
.... ######### #.#
#...##.......# ..###
..........# ### #...##
##.......# ##.## ###..##
##........####...# .###..#
#.....s@e........#
...^..####.########.###...#
.###....##.########....#.##
..##.#.......e.....#..#.#
..#...#....########....#
#....##.##......###..###
##..#.##.#######........###
#...#.#..# ###........#
...#.....## ##........#


You could see Duvessa and a giant cockroach.

Vanquished Creatures
  Dowan (D:5)
  A crimson imp (D:4)
  A hound (D:4)
  A worker ant (D:4)
  9 gnolls
  9 adders
  4 river rats (D:2)
  3 worms
  3 giant geckos (D:1)
  3 orcs
  6 giant cockroaches
  15 goblins
  6 hobgoblins
  3 jackals
  2 quokkas
  8 bats
  A giant cockroach zombie (D:5)
  3 giant newts
  6 kobolds
  11 rats
  A plant (D:2)
97 creatures vanquished.

Notes
Turn   | Place    | Note
--------------------------------------------------------------
     0 | D:1      | Arkorax the Centaur Hunter began the quest for the Orb.
     0 | D:1      | Reached XP level 1. HP: 17/17 MP: 1/1
   192 | D:1      | Reached XP level 2. HP: 24/24 MP: 2/2
   327 | D:1      | You fall through a shaft!
   350 | D:2      | Reached skill level 6 in Bows
   622 | D:1      | Reached XP level 3. HP: 24/30 MP: 3/3
  2148 | D:2      | Reached XP level 4. HP: 9/37 MP: 4/4
  2484 | D:2      | Reached skill level 7 in Bows
  3297 | D:2      | Reached XP level 5. HP: 22/45 MP: 5/5
  3724 | D:2      | Found a deep blue altar of Sif Muna.
  4226 | D:3      | Found a blossoming altar of Fedhas.
  4237 | D:3      | Noticed an oklob plant
  4603 | D:3      | Found a shimmering altar of Xom.
  4873 | D:3      | Found a shattered altar of Ashenzari.
  5541 | D:4      | Reached XP level 6. HP: 49/55 MP: 4/6
  5561 | D:4      | Found a staircase to the Ecumenical Temple.
  5581 | Temple   | Entered the Ecumenical Temple
  5789 | Temple   | Became a worshipper of Warmaster Okawaru
  6329 | D:4      | Reached skill level 5 in Fighting
  6606 | D:5      | Entered Level 5 of the Dungeon
  6610 | D:5      | Noticed Dowan
  6635 | D:5      | Found Alouco's Food Boutique.
  6655 | D:5      | Found Zouno's General Store.
  6748 | D:5      | Killed Dowan
  6748 | D:5      | Reached skill level 1 in Long Blades
  7223 | D:5      | Noticed Duvessa
  7278 | D:5      | Slain by Duvessa

Vault maps used:
D:1:      sevenhm_arrival_forest_fort_large_2, minmay_box_of_dots
D:2:      wad_woods_tower, lemuel_blue_sif_altar
D:3:      nicolae_overflow_hidden_temple, ashenzari_conservatory_becter,
          tgw_fedhas
D:4:      minmay_temple_entry_hall
D:5:      serial_shops, shop, shop, shop, first_bread, minmay_misc_feat_tiny,
          uniq_duvessa
Temple:   chambers_temple_14

Action                   |  1- 3 |  4- 6 || total
-------------------------+-------+-------++-------
Melee: Short sword       |   106 |   119 ||   225
       Falchion          |       |   196 ||   196
       Dagger            |       |    32 ||    32
 Fire: Shortbow          |    37 |    72 ||   109
  Use: Potion            |       |     1 ||     1
  Eat: Chunk             |     1 |     7 ||     8
       Bread ration      |     1 |     1 ||     2
       Beef jerky        |       |     1 ||     1
